 Dungeon Sprint DCSS version 0.23.2-1-ga50397a6bc (webtiles) character file.

Game seed: 13374096602196921748

287 Kobolds4U the Unseen (level 6, -2/30 HPs)
             Began as a Spriggan Assassin on May 23, 2019.
             Slain by a yak (13 damage)
             ... in the Dungeon (Sprint I: "Red Sonja").
             The game lasted 00:01:26 (97 turns).

Kobolds4U the Unseen (Spriggan Assassin)              Turns: 97, Time: 00:01:27

Health: -2/30      AC:  3    Str:  7    XL:     6   Next: 8%
Magic:  7/7        EV: 17    Int: 12    God:
Gold:   297        SH:  0    Dex: 20    Spells: 5/5 levels left

rFire    . . .     SeeInvis +   a - +2 dagger
rCold    . . .     Gourm    .   (shield restricted)
rNeg     . . .     Faith    .   c - +0 robe
rPois    .         Spirit   .   (helmet restricted)
rElec    .         Reflect  .   d - +0 cloak
rCorr    .         Harm     .   (gloves unavailable)
MR       +....     NoTele   +   (boots unavailable)
Stlth    +++++++...             (no amulet)
HPRegen  0.10/turn              (no ring)
MPRegen  0.10/turn              (no ring)

@: very quick
A: very small, unfitting armour, see invisible, herbivore, speed 3, slow
metabolism 2
a: no special abilities


You were in the Dungeon.
You were not hungry.

You visited 1 branch You collected 297 gold pieces.

Inventory:

Hand Weapons
 a - a +2 dagger (weapon)
 b - a +0 blowgun
Missiles
 f - 2 curare-tipped needles
Armour
 c - a +0 robe (worn)
 d - a +0 cloak (worn)
Wands
 n - a wand of disintegration (6)
Scrolls
 m - a scroll of blinking
Potions
 h - a potion of curing
 i - a potion of heal wounds
 j - a potion of haste
 k - 2 potions of magic
 l - a potion of berserk rage
Comestibles
 g - a ration


   Skills:
 - Level 1.5 Fighting
 - Level 2.1 Short Blades
 - Level 2.0 Throwing
 - Level 1.5 Dodging
 + Level 18.6 Stealth


You had 5 spell levels left.
You didn't know any spells.
Your spell library was empty.

Dungeon Overview and Level Annotations

Branches:
Dungeon (1/1)

Altars:
Cheibriados
Dithmenos
Elyvilon
Fedhas
Hepliaklqana
Kikubaaqudgha
Okawaru
Qazlal
Ru
Sif Muna
Trog
Uskayaw
Vehumet
Wu Jian
Yredelemnul
Zin
The Shining One

Shops:
D :


Innate Abilities, Weirdness & Mutations

You are very small and have problems with some larger weapons.
You are too small for most types of armour.
You have supernaturally acute eyesight. (SInv)
You are a herbivore.
You cover ground extremely quickly.
You need to consume almost no food.


Message History

You shoot a poisoned needle.
The poisoned needle closely misses the yak.
Firing (i - inventory. (/) - cycle)
e - a poisoned needle (quivered)
Press: ? - help, Shift-Dir - straight line, f/p - yak
Aim: a yak (severely wounded, poisoned)
You shoot a poisoned needle. The poisoned needle hits the yak.
The yak looks even sicker.
The yak is severely wounded.
The yak completely misses you.
a - a +2 dagger (weapon)
The yak gores you.
You closely miss the yak.
The yak is severely wounded.
You hit the yak.
The yak is severely wounded.
The yak misses you.
You barely miss the yak.
The yak is severely wounded.
The yak gores you!
You die...

################
#<.#.['.(#.)'.(#
#..@Y(#.)'.(#..+
#..#####'#####(#
#..# #..#...#$#
#..#__####..##(#
#..#_____##'#_.+
#⌠⌠#_.∩...'..._#
####_..__##_.#'#
___ ##+#.# # ###


You could see a yak.

Vanquished Creatures
  Sigmund (D)
  An ogre (D)
  A jelly (D)
  Ijyb (D)
4 creatures vanquished.

Notes
Turn   | Place    | Note
-------+----------+-------------------------------------------
     0 | D        | Kobolds4U the Spriggan Assassin began the quest for the
                  | Orb.
     0 | D        | Reached XP level 1. HP: 10/10 MP: 2/2
     1 | D        | Noticed Ijyb
     4 | D        | Killed Ijyb
     4 | D        | Reached skill level 10 in Stealth
     4 | D        | Reached XP level 2. HP: 14/14 MP: 3/3
     6 | D        | Noticed an ogre
     9 | D        | Killed an ogre
     9 | D        | Reached skill level 14 in Stealth
     9 | D        | Reached XP level 3. HP: 18/18 MP: 4/4
     9 | D        | Reached XP level 4. HP: 22/22 MP: 5/5
    19 | D        | Noticed Sigmund
    22 | D        | Killed Sigmund
    22 | D        | Reached skill level 18 in Stealth
    22 | D        | Reached XP level 5. HP: 25/25 MP: 6/6
    34 | D        | Found an ornate altar of the Wu Jian Council.
    34 | D        | Found a deep blue altar of Sif Muna.
    36 | D        | Found a radiant altar of Vehumet.
    40 | D        | Reached XP level 6. HP: 30/30 MP: 7/7
    62 | D        | Found Fefa's Book Emporium.
    62 | D        | Found an ancient bone altar of Kikubaaqudgha.
    62 | D        | Found a hazy altar of Hepliaklqana.
    62 | D        | Found a stormy altar of Qazlal.
    62 | D        | Found a hide-covered altar of Uskayaw.
    62 | D        | Found a blossoming altar of Fedhas.
    62 | D        | Found a bloodstained altar of Trog.
    62 | D        | Found an iron altar of Okawaru.
    62 | D        | Found a basalt altar of Yredelemnul.
    62 | D        | Found a glowing golden altar of the Shining One.
    62 | D        | Found a snail-covered altar of Cheibriados.
    62 | D        | Found a sacrificial altar of Ru.
    62 | D        | Found a glowing silver altar of Zin.
    62 | D        | Found a shadowy altar of Dithmenos.
    62 | D        | Found a white marble altar of Elyvilon.
    62 | D        | Noticed a yak
    97 | D        | Slain by a yak

Skill      XL: |  1  2  3  4 |
---------------+-------------+-----
Stealth        | 10 14 18 | 18.6
Fighting       | |  1.5
Short Blades   | |  2.1
Throwing       | |  2.0
Dodging        | |  1.5

Action                   |  1- 3 |  4- 6 || total
-------------------------+-------+-------++-------
Melee: Dagger            |     2 |    11 ||    13
 Fire: Blowgun           |       |     8 ||     8
 Stab: Sleeping          |     2 |     2 ||     4
Dodge: Dodged            |       |     6 ||     6
